AoeStats
← Shiboridashi

Lombardia

509374429Analyzed
2v2 RM · 6d ago on Sep 26, 2026· 53m 0s· 4 players
Game mode
Random Map
Map size
Medium (4 player)
Population
200
Speed
Normal
Resources
Standard
Victory
Conquest
Starting age
Dark Age
Ending age
Imperial Age
RankedLock teamsTeams togetherTeam positionsShared explorationLock speedFull tech treeHidden civsTurbo modeCheats
Victory
Defeat
🇦🇺 Khitans · Australia
1366
+8
🇦🇷 Poles · Argentina
1265
+11
🇫🇷 Teutons · France
1177
-10
🇫🇷 Vietnamese · France
1139
-9
阿立
7:42 Loom
11:44 Feudal Age
12:30 Double-Bit Axe
15:59 Castle Age
14:32 Gold Mining
17:07 Husbandry
17:42 Bow Saw
20:26 Scale Barding Armor
23:18 Bloodlines
23:21 Forging
23:38 Chain Barding Armor
33:31 Iron Casting
39:02 Wheelbarrow
44:19 Imperial Age
41:36 Town Watch
42:01 Light Cavalry
44:15 Fletching
44:44 Cavalier
46:46 Winged Hussar
48:45 Blast Furnace
Sandy Cohen
6:39 Loom
6:45 Loom
10:19 Feudal Age
10:23 Man-at-Arms
11:36 Double-Bit Axe
11:32 Domestication
16:08 Forging
18:31 Scale Mail Armor
18:34 Arson
30:05 Gold Mining
44:54 Castle Age
46:05 Chain Mail Armor
46:25 Iron Casting
45:57 Gambesons
46:13 Squires
45:34 Long Swordsman
47:54 Chain Mail Armor
Shiboridashi
7:32 Loom
10:06 Feudal Age
11:22 Double-Bit Axe
17:05 Castle Age
18:20 Horse Collar
19:40 Bow Saw
20:36 Forging
23:11 Fletching
34:35 Scale Mail Armor
35:47 Pikeman
39:39 Wheelbarrow
42:06 Iron Casting
41:48 Chain Mail Armor
43:23 Squires
47:45 Heavy Plow
48:45 Bloodlines
48:46 Scale Barding Armor
51:32 Chain Barding Armor
alexisgrosset13110
8:30 Loom
10:21 Feudal Age
8:38 Loom
16:17 Double-Bit Axe
18:34 Castle Age
17:12 Fletching
17:27 Gold Mining
18:29 Padded Archer Armor
18:28 Horse Collar
18:41 Crossbowman
20:54 Bodkin Arrow
22:42 Bow Saw
25:02 Pikeman
25:45 Scale Mail Armor
27:59 Leather Archer Armor
32:45 Chain Mail Armor
33:07 Heavy Plow
37:59 Thumb Ring
43:05 Ballistics
46:59 Wheelbarrow
49:58 Imperial Age
48:54 Forging
50:30 Arbalester
Connection lost

Rejoining the realm…

Still unreachable

The connection could not be restored.

Session expired

The server has moved on; the page needs a fresh start.